 Dungeon Crawl Stone Soup version 0.19.4-8-ga85b6b9 (webtiles) character file.

1538819 Vojta the Ninja (level 27, 253/253 HPs)
             Began as a Naga Wizard on Feb 7, 2017.
             Was a High Priest of Cheibriados.
             Escaped with the Orb
             ... and 3 runes on Feb 14, 2017!
             The game lasted 12:51:27 (121537 turns).

Vojta the Ninja (Naga Wizard)                     Turns: 121537, Time: 12:51:29

Health: 253/253    AC: 31    Str: 25    XL:     27
Magic:  58/58      EV: 21    Int: 35    God:    Cheibriados [*****.]
Gold:   7313       SH:  0    Dex: 38    Spells: 16 memorised, 6 levels left

rFire  + . .     SeeInvis +     j - +9 arbalest (velocity)
rCold  + + .     Gourm    .     W - +0 leather armour of Hysteria {rElec rC+ MR+ rCorr}
rNeg   . . .     Faith    .     (shield currently unavailable)
rPois  +         Spirit   .     l - +2 hat {Int+3}
rElec  +         Reflect  .     P - +1 cloak {MR+}
rCorr  +         Harm     .     i - +2 pair of gloves {Dex+3}
MR     +++++     Rnd*Rage +     D - +4 naga barding
Stlth  ++++......               y - amulet of magic regeneration
                                p - ring "Josago" {rElec MP+9 Dex+5}
                                x - ring of protection from fire

@: deflect missiles, very slow
A: antennae 1, icy blue scales 1, rugged brown scales 1, see invisible, berserk
1, cold resistance 1, deformed body, dopey 2, poison resistance, screaming 2,
slowness 2, slow metabolism 1, spit poison 1, weak 1, constrict 1, AC +9
a: Spit Poison, Bend Time, Temporal Distortion, Slouch, Step From Time, Renounce
Religion
0: Orb of Zot
}: 3/15 runes: serpentine, barnacled, silver


You escaped.
You worshipped Cheibriados.
Cheibriados was extremely pleased with you.
You were not hungry.

You visited 12 branches of the dungeon, and saw 58 of its levels.
You also visited: Ossuary, Bailey and Ice Cave.

You collected 9062 gold pieces.
You spent 1749 gold pieces at shops.

Inventory:

Hand Weapons
 a - a +6 dagger of draining
 b - the +0 glaive of the Two Names {chop, rPois rF+ Int+6}
   (You bought it in a shop on level 1 of the Orcish Mines)

   It inflicts extra damage upon your enemies.
   It affects your intelligence (+6).
   It protects you from fire.
   It protects you from poison.
 c - a +2 demon trident of draining
 d - a +1 halberd of protection
 f - the +25 sword of Power
   (You found it on level 1 of the Crypt)
 j - a +9 arbalest of velocity (weapon)
 w - the +4 rapier of Megalomania {holy, +Fly Stlth+}
   (You found it on level 2 of the Realm of Zot)

   It has been blessed by the Shining One to cause great damage to the undead
   and demons.
   It lets you fly.
   It makes you more stealthy.
Missiles
 r - 2536 bolts (quivered)
 I - 2064 arrows
 O - 16 javelins of penetration
Armour
 e - +6 fire dragon scales
 i - a +2 pair of gloves of dexterity (worn)
 l - a +2 hat of intelligence (worn)
 B - the +2 scale mail of Omission {*Slow rN++ MR++}
   (You took it off a deep elf master archer on level 3 of the Elven Halls)

   It greatly protects you from negative energy.
   It affects your resistance to hostile enchantments.
   It may slow you when you take damage.
 D - a +4 naga barding (worn)
 P - a +1 cloak of magic resistance (worn)
 W - the +0 leather armour of Hysteria (worn) {rElec rC+ MR+ rCorr}
   (You took it off a deep elf mage on level 3 of the Elven Halls)

   It protects you from cold.
   It insulates you from electricity.
   It affects your resistance to hostile enchantments.
   It protects you from acid and corrosion.
Rods
 K - a +9 lightning rod (9/9)
   (You took it off a deep elf death mage on level 3 of the Elven Halls)
Jewellery
 k - an uncursed ring of protection from cold
 p - the ring "Josago" (right hand) {rElec MP+9 Dex+5}
   (You took it off a naga mage on level 15 of the Dungeon)

   [ring of magical power]

   It affects your dexterity (+5).
   It insulates you from electricity.
   It affects your magic capacity (+9).
 q - a +4 ring of slaying
 x - a ring of protection from fire (left hand)
 y - an amulet of magic regeneration (around neck)
 A - a +5 ring of protection
 H - the ring "Celedont" {rPois Int+4 Stlth+}
   (You found it on level 1 of the Lair of Beasts)

   [ring of stealth]

   It affects your intelligence (+4).
   It protects you from poison.
   It makes you more stealthy.
 Q - an uncursed ring of protection from magic
 U - the ring "Zeanown" {rF+ rN+ SInv Stlth-}
   (You bought it in a shop on level 4 of the Shoals)

   [ring of loudness]

   It protects you from fire.
   It protects you from negative energy.
   It lets you see invisible.
   It makes you less stealthy.
 Z - an uncursed ring of wizardry
Wands
 g - a wand of digging (6/24)
 z - a wand of heal wounds (6/9)
 G - a wand of acid (11/15)
 V - a wand of teleportation (4/9)
Scrolls
 n - 4 scrolls of blinking
 o - 17 scrolls of fog
 s - 10 scrolls of immolation
 t - 34 scrolls of remove curse
 v - 6 scrolls of magic mapping
 J - 19 scrolls of identify
 M - 2 scrolls of holy word
 Y - 3 scrolls of recharging
Potions
 m - 4 potions of resistance
 u - 18 potions of curing
 C - 4 potions of brilliance
 E - 2 potions of agility
 L - a potion of cure mutation
 S - 2 potions of ambrosia
 T - 4 potions of flight
 X - 6 potions of lignification
Books
 N - a book of Frost

   Spells                             Type                      Level
   a - Freeze                         Ice                          1
   b - Throw Frost                    Conjuration/Ice              2
   c - Ozocubu's Armour               Charms/Ice                   3
   d - Throw Icicle                   Conjuration/Ice              4
   e - Summon Ice Beast               Ice/Summoning                4
Comestibles
 h - 33 bread rations
 F - a meat ration


   Skills:
 + Level 14.4 Fighting
 + Level 7.5(7.9) Short Blades
 + Level 3.6(6.0) Long Blades
 + Level 13.7 Polearms
   Level 0.5(0.8) Slings
   Level 4.0 Bows
 * Level 22.5 Crossbows
 + Level 0.8(1.0) Throwing
 + Level 7.6 Armour
 + Level 11.4 Dodging
 O Level 27 Stealth
 + Level 0.2 Unarmed Combat
 + Level 22.0 Spellcasting
 * Level 20.5 Conjurations
 - Level 15.0 Hexes
 + Level 10.0 Charms
 + Level 7.7 Summonings
 + Level 4.0 Necromancy
 + Level 9.3 Translocations
 + Level 12.7 Transmutations
   Level 2.0 Fire Magic
 + Level 9.5 Ice Magic
 + Level 7.6 Air Magic
 + Level 3.3 Earth Magic
 + Level 7.9 Poison Magic
 + Level 13.2 Invocations
 + Level 6.1 Evocations


You had 6 spell levels left.
You knew the following spells:

 Your Spells              Type           Power        Failure   Level  Hunger
a - Ozocubu's Armour      Chrm/Ice       #######.     1%          3    None
b - Blink                 Tloc           N/A          1%          2    None
c - Regeneration          Chrm/Necr      ######....   1%          3    None
d - Animate Dead          Necr           N/A          1%          4    None
e - Mephitic Cloud        Conj/Pois/Air  #######.     0%          3    None
f - Spellforged Servitor  Conj/Summ      #######...   1%          7    None
g - Sticks to Snakes      Tmut           #######.     0%          2    None
h - Cause Fear            Hex            #######...   0%          4    None
i - Deflect Missiles      Chrm/Air       #######...   3%          6    None
j - Dazzling Spray        Conj/Hex       ######       0%          3    None
k - Confuse               Hex            #######.     0%          3    None
l - Passage of Golubria   Tloc           N/A          1%          4    None
m - Passwall              Tmut/Erth      #######...   1%          2    None
n - Lightning Bolt        Conj/Air       #######...   1%          5    None
o - Orb of Destruction    Conj           ########..   1%          7    None
p - Freezing Cloud        Conj/Ice/Air   #######...   1%          6    None


Dungeon Overview and Level Annotations

Branches:
Dungeon (15/15)            Temple (1/1) D:7            Lair (6/6) D:11
 Shoals (4/4) Lair:3        Snake (4/4) Lair:4        Slime (5/5) Lair:5
    Orc (2/2) D:11            Elf (3/3) Orc:2        Vaults (5/5) D:13
  Crypt (3/3) Vaults:3       Tomb (0/3) Crypt:3      Depths (5/5) D:15
    Zot (5/5) Depths:5

Altars:
Ashenzari
Cheibriados
Dithmenos
Elyvilon
Fedhas
Gozag
Hepliaklqana
Kikubaaqudgha
Makhleb
Nemelex Xobeh
Okawaru
Qazlal
Ru
Sif Muna
Trog
Uskayaw
Vehumet
Xom
Yredelemnul
Zin
The Shining One
Beogh
Jiyva

Shops:
Orc:1 *   Orc:2 (?*[   Elf:2 *?   Elf:3 }%   Shoals:4 =   Snake:1 !   Snake:3 =
Vaults:1 (   Vaults:3 }   Vaults:5 %   Depths:2 [*

Portals:
Hell: Depths:1 Depths:2 Depths:3 Depths:4 Depths:5
Abyss: Depths:4
Pandemonium: Depths:3
Ziggurat: Depths:2

Annotations:
Slime:5 Royal Jelly


Innate Abilities, Weirdness & Mutations

You cannot wear boots.
Your serpentine skin is tough. (AC +9)
You have supernaturally acute eyesight. (SInv)
Armour fits poorly on your strangely shaped body.
Your system is resistant to poisons. (rPois)
You cover ground very slowly.
You have a slow metabolism.
You can spit poison.
You can use your snake-like lower body to constrict enemies.
You have a pair of small antennae on your head.
You are partially covered in icy blue scales. (AC +2)
You are partially covered in rugged brown scales. (AC +1, +3% HP)
You tend to lose your temper in combat.
Your flesh is cold resistant. (rC+)
You are very dopey. (Int -4)
You sometimes yell uncontrollably at your foes.
You are weak. (Str -2)


Message History

You slice the plant!!
The plant is almost destroyed.
You constrict the plant.
You destroy the plant!
You slash the plant! You grab the plant.
The plant is lightly damaged.
You constrict the plant! You slice the plant!!
The plant is almost destroyed.
You constrict the plant. You slice the plant!!
You destroy the plant!
You slice the plant!! You grab the plant.
The plant is heavily damaged.
You constrict the plant, but do no damage.
You release your grip on the plant.
There is a staircase leading out of the dungeon here.
Wield which item (- for none, * to show all)? (? for menu, Esc to quit)
j - a +9 arbalest of velocity (weapon)
You have escaped! ..........######## #.# .#........# #(# .#........# #.# ##### .#........# #.# #.... .#........# #.#######. .#........# ##....[.##. .#........#############.#####.##. .#.#.###PPPPPPPPPPPPPP.PP# #.##. ##.#.###PPPPPP..@..PP.PPP# #.##. #.#...#PPPP..PPPPP..PPPP#

#.###
##'###.#PPP.PPP...PPP.PPP#
#....
....##.#PPP.PP.PPP.PP.PPP#
#####
....##.#PP.PP.PP.PP.PP.PP#
....##.#PP.P.PP.P.PP.P.PP#
....##.#PP.P.P.PPP.P.P.PP#
#####
....##.#PP.P.PP.P.PP.P.PP#
#....
....##.#PP.PP.PP.PP.PP.PP#
#.###


There were no monsters in sight!

Vanquished Creatures
  8 orbs of fire
  The ghost of cotteux the Talismancer, a legendary DDFi of Trog (Zot:5)
  7 ancient liches
  2 juggernauts
  Boris (Depths:4)
  Xtahua (Depths:5)
  3 curse toes
  3 Killer Klowns
  19 golden dragons
  Jory (Vaults:3)
  A pandemonium lord (Depths:3)
  7 liches
  A bone dragon (Depths:5)
  Jorgrun (Snake:3)
  4 electric golems
  24 tentacled monstrosities
  16 Orb Guardians
  Asterion (Snake:2)
  A quicksilver dragon (shapeshifter) (Vaults:3)
  3 titans
  12 acid blobs
  15 quicksilver dragons
  2 deep elf blademasters (Elf:3)
  2 deep elf master archers (Elf:3)
  An Executioner (Depths:1)
  9 death cobs
  Gastronok (Orc:1)
  10 shadow dragons
  6 sphinxes
  Kirke (D:15)
  4 tengu reavers
  4 ancient champions
  Donald (Snake:2)
  5 draconian monks
  18 storm dragons
  6 revenants
  An azure jelly (Slime:1)
  10 nagarajas
  11 fire giants
  19 vault wardens
  Ilsuiw (Shoals:4)
  13 deep elf sorcerers
  A balrug (Depths:2)
  21 frost giants
  5 draconian scorchers
  7 draconian knights
  6 ghost moths
  15 ghouls
  5 curse skulls
  6 draconian shifters
  2 angels (Depths:4)
  A spriggan defender (Depths:5)
  7 draconian zealots
  6 deep elf elementalists
  13 ironheart preservers
  7 reapers
  7 draconian annihilators
  6 war gargoyles
  17 vampire knights
  35 very ugly things
  3 entropy weavers
  10 draconian callers
  36 stone giants
  8 green draconians
  7 deep elf demonologists
  13 deep elf annihilators
  10 black draconians
  13 mottled draconians
  5 purple draconians
  Nessos (D:12)
  14 spark wasps
  9 red draconians
  21 yellow draconians
  19 ettins
  5 white draconians
  A blizzard demon (IceCv)
  14 deep elf death magi
  15 eidola
  8 merfolk javelineers (Shoals:4)
  3 death oozes
  2 quicksilver dragon zombies
  16 ogre magi
  A crystal guardian (Vaults:4)
  24 fire dragons
  A mummy priest (Crypt:3)
  17 merfolk impalers
  Erolcha (Orc:2)
  10 deep elf high priests
  9 rakshasas
  25 jiangshi
  15 great orbs of eyes
  38 yaktaur captains
  A quicksilver dragon skeleton (Depths:4)
  37 vault guards
  4 spriggan air magi
  6 hydras
  3 catoblepae
  18 ice dragons
  A hydra (shapeshifter) (Depths:2)
  4 death knights
  20 naga warriors
  4 merfolk aquamancers
  Erica (D:11)
  19 centaur warriors
  An alligator snapping turtle (Shoals:4)
  18 anacondas
  6 merfolk avatars
  24 dancing weapons
  The ghost of Azzok the Transmogrifier, a novice NaTm of Cheibriados (D:9)
  4 satyrs
  4 death yaks (Lair:6)
  14 vampire magi
  17 deep troll shamans
  2 orc high priests
  8 deep troll earth magi
  12 hell knights
  13 tengu warriors
  A fire crab (shapeshifter) (Depths:3)
  13 shock serpents
  3 storm dragon zombies
  5 soul eaters (Crypt:3)
  3 sun demons
  4 spriggan berserkers (Depths:3)
  4 titan zombies
  47 skeletal warriors
  18 naga sharpshooters
  33 deep elf knights
  5 iron trolls
  An anaconda zombie (Crypt:1)
  2 titan skeletons
  A shadow wraith (Crypt:3)
  A salamander mystic (Snake:1)
  2 storm dragon skeletons (Crypt:3)
  A death drake (shapeshifter) (Vaults:4)
  A golden dragon zombie (Crypt:3)
  4 glowing orange brains
  10 flayed ghosts
  37 deep trolls
  2 unseen horrors (shapeshifter)
  2 torturous demonspawn
  6 unseen horrors
  18 sea snakes
  9 hill giants
  2 anaconda skeletons
  22 deep elf archers
  14 naga ritualists
  A hill giant (shapeshifter) (D:13)
  2 iron dragon zombies
  32 necromancers
  8 wizards
  21 ironbrand convokers
  A lindwurm (Lair:6)
  A shadow dragon zombie (Crypt:1)
  A sphinx zombie (Crypt:2)
  2 stone giant zombies (Crypt:3)
  2 shadow dragon skeletons (Crypt:1)
  32 phantasmal warriors
  20 mana vipers
  13 harpies
  20 orc knights
  2 frost giant zombies
  4 wolf spiders
  98 deep elf magi
  An orb spider (shapeshifter) (Vaults:3)
  A shining eye (Slime:2)
  A cyclops (shapeshifter) (Depths:4)
  7 orc sorcerers
  13 manticores
  7 oklob plants
  6 fauns (Shoals:2)
  48 ugly things
  7 fire giant zombies
  2 tengu skeletons
  A shining eye (shapeshifter) (Vaults:5)
  2 shock serpent zombies
  11 salamanders
  10 cyclopes
  26 moths of wrath
  31 naga magi
  The ghost of appiemonkey the Poker, a novice MiFi (D:4)
  7 elephants (Lair:6)
  4 water nymphs
  A gargoyle (D:15)
  3 human skeletons
  9 guardian serpents
  Psyche (D:8)
  51 black mambas
  A dire elephant skeleton (Crypt:3)
  10 sirens
  12 spiny frogs
  27 vault sentinels
  A spiny frog (shapeshifter) (Depths:5)
  5 rime drakes
  5 kobold demonologists (D:15)
  A death yak zombie (Crypt:1)
  2 efreet
  10 komodo dragons
  105 yaktaurs
  18 freezing wraiths
  A harpy zombie (Crypt:3)
  4 ice devils (IceCv)
  2 yaktaurs (shapeshifter)
  2 yaktaur skeletons
  3 tengu conjurers
  A golden dragon simulacrum (IceCv)
  2 anaconda simulacra (IceCv)
  A mottled draconian skeleton (Crypt:1)
  3 guardian mummies (Crypt:3)
  A sea snake skeleton (Crypt:2)
  A jumping spider (Crypt:3)
  A red draconian skeleton (Crypt:2)
  An iron troll skeleton (Crypt:1)
  25 merfolk
  19 hellwings
  A queen bee (shapeshifter) (Depths:1)
  15 trolls
  A merfolk (shapeshifter) (Depths:5)
  A green draconian skeleton (Crypt:3)
  2 red devils (Zot:5)
  7 wind drakes
  A hornet (shapeshifter) (Vaults:1)
  A jumping spider (shapeshifter) (Depths:3)
  A wolf spider simulacrum (D:15)
  4 meliai
  8 hornets
  83 slime creatures
  An elf zombie (Depths:4)
  A hydra skeleton (Crypt:3)
  2 fire dragon zombies (Crypt:3)
  3 bog bodies
  A sphinx simulacrum (Vaults:1)
  A raiju (shapeshifter) (Vaults:1)
  6 dream sheep
  13 two-headed ogres
  2 slime creatures (shapeshifter)
  2 ettin zombies
  20 hippogriffs
  A stone giant simulacrum (Crypt:3)
  A black mamba zombie (Crypt:3)
  9 blink frogs
  9 snapping turtles
  A snapping turtle (shapeshifter) (Vaults:4)
  A satyr zombie (Crypt:2)
  A blink frog (shapeshifter) (Vaults:2)
  6 flying skulls (Crypt:1)
  A redback (shapeshifter) (Elf:2)
  A meliai zombie (D:10)
  7 redbacks
  18 water elementals
  14 air elementals
  An alligator skeleton (Crypt:3)
  A spriggan (shapeshifter) (Vaults:4)
  4 shadows
  14 wraiths
  3 spriggans
  2 tarantellas
  2 wyverns (shapeshifter)
  73 yaks
  An ettin skeleton (Crypt:3)
  3 yaks (shapeshifter)
  8 wyverns
  20 fire elementals
  4 hogs (D:15)
  3 hogs (shapeshifter)
  2 steam dragons (Lair:6)
  19 humans (D:13)
  10 golden eyes
  8 basilisks
  7 hungry ghosts
  3 vampire mosquitoes
  3 chaos spawn
  7 harpy simulacra (IceCv)
  A mottled dragon (shapeshifter) (Vaults:4)
  3 death yak simulacra (IceCv)
  62 nagas
  4 mottled dragons
  12 wargs
  6 hell hounds (Crypt:1)
  A naga (shapeshifter) (Vaults:1)
  A soldier ant (D:13)
  18 water moccasins
  A hydra simulacrum (IceCv)
  4 floating eyes
  2 black bears
  A monstrous demonspawn skeleton (Crypt:2)
  15 porcupines
  4 swamp drakes (Lair:6)
  An ettin simulacrum (IceCv)
  A sky beast (D:5)
  An alligator simulacrum (IceCv)
  An ice dragon simulacrum (Crypt:1)
  4 manticore zombies
  77 orc warriors
  2 human zombies
  5 ice beasts
  An ice beast (shapeshifter) (Depths:5)
  5 necrophages
  2 phantoms
  62 ogres
  A wolf (shapeshifter) (Vaults:1)
  2 eyes of draining (shapeshifter)
  6 eyes of draining
  24 centaurs
  11 boggarts
  A swamp dragon zombie (Crypt:1)
  27 wolves
  An ogre (shapeshifter) (Vaults:1)
  12 crocodiles
  2 big kobolds
  22 bullfrogs
  2 earth elementals (Elf:3)
  A gnoll sergeant (D:7)
  A hell hound zombie (Crypt:1)
  2 wyvern zombies
  A glowing shapeshifter simulacrum (Depths:4)
  8 scorpions
  8 wyvern skeletons (Crypt:3)
  2 elephant simulacra (IceCv)
  4 killer bees
  A spectral wolf (Crypt:1)
  26 wights
  3 electric eels (Lair:6)
  11 howler monkeys
  8 crimson imps
  3 draconian simulacra (IceCv)
  5 centaur zombies
  3 bullfrog zombies
  4 human simulacra
  4 quasits
  31 jellies
  27 orc priests
  9 hounds
  8 centaur skeletons
  Terence (D:2)
  3 bullfrog skeletons
  13 iguanas
  39 orc wizards
  Natasha (twice) (D:2)
  A troll simulacrum (IceCv)
  16 worker ants
  A hell rat (shapeshifter) (Vaults:5)
  A centaur simulacrum (IceCv)
  A felid zombie (Crypt:1)
  A mottled dragon skeleton (Crypt:2)
  2 hound zombies
  A mummy (Ossuary)
  2 howler monkey skeletons
  2 howler monkey zombies
  3 worker ant zombies
  8 gnolls
  3 ogre simulacra (IceCv)
  10 adders
  6 naga simulacra (IceCv)
  A river rat (Lair:6)
  4 shadow imps
  A white imp (IceCv)
  6 ufetubi
  An ooze (D:4)
  2 adder zombies
  A worm (D:2)
  A worm (shapeshifter) (Vaults:5)
  A dart slug (D:1)
  8 leopard geckos
  169 orcs
  3 giant cockroaches
  A giant cockroach (shapeshifter) (Depths:3)
  5 gnoll zombies
  11 goblins
  11 hobgoblins
  21 jackals
  23 kobolds
  6 quokkas
  A river rat zombie (Crypt:1)
  A ball python (D:6)
  A ball python skeleton (D:4)
  9 bats
  9 frilled lizards
  5 gnoll skeletons
  2 goblin skeletons (Ossuary)
  A hobgoblin skeleton (Ossuary)
  2 jackal skeletons (D:6)
  2 kobold skeletons (Ossuary)
  A kobold zombie (Ossuary)
  An orc skeleton (Ossuary)
  4 orc zombies (Ossuary)
  13 rats
  3 rat skeletons (Ossuary)
  3 rat zombies (Ossuary)
  4 crawling corpses
  2 fungi
  4 plants
  A withered plant (Crypt:3)
3570 creatures vanquished.

Vanquished Creatures (collateral kills)
  An orb of fire (Zot:5)
  Frederick (Vaults:5)
  3 Killer Klowns
  A curse toe (Zot:4)
  A golden dragon (Zot:5)
  A tentacled monstrosity (D:4)
  12 Orb Guardians (Zot:5)
  A quicksilver dragon (Zot:5)
  A deep elf master archer (Elf:3)
  4 shadow dragons
  2 tengu reavers
  2 draconian monks (Zot:4)
  A storm dragon (Zot:5)
  2 draconian scorchers (Zot:4)
  A draconian knight (Zot:4)
  A vault warden (Vaults:5)
  3 frost giants
  A reaper (Depths:3)
  2 draconian zealots
  A draconian annihilator (Depths:5)
  2 stone giants
  5 black draconians
  A purple draconian (Zot:4)
  4 white draconians
  4 mottled draconians
  A spark wasp (Depths:5)
  A deep elf annihilator (Elf:2)
  3 red draconians
  2 ettins
  A jiangshi (Crypt:3)
  2 rakshasas
  3 great orbs of eyes
  A yaktaur captain (Depths:5)
  An ice dragon (Vaults:5)
  An anaconda (Snake:1)
  4 spriggan air magi
  A centaur warrior (D:15)
  2 deep troll earth magi
  A tengu warrior (Depths:3)
  2 naga sharpshooters (Snake:1)
  A death knight (Vaults:3)
  A spriggan berserker (Depths:5)
  A salamander mystic (Snake:3)
  A hell knight (Depths:3)
  3 iron trolls
  6 deep trolls
  A deep elf archer (Elf:3)
  A glowing orange brain (Depths:3)
  2 harpies (Vaults:5)
  A wizard (Vaults:3)
  2 flayed ghosts
  A torturous demonspawn (Zot:5)
  An orc knight (D:15)
  A phantasmal warrior (Vaults:5)
  A mana viper (Snake:1)
  2 cyclopes
  A deep elf mage (Elf:2)
  An ugly thing (Depths:5)
  4 moths of wrath
  A naga mage (Snake:3)
  3 black mambas (Snake:1)
  2 smoke demons (Depths:5)
  An orange demon (D:4)
  2 yaktaurs
  A hellwing (Depths:5)
  A tengu conjurer (Depths:5)
  A troll (D:10)
  A hornet (D:13)
  A blink frog (Lair:6)
  A slime creature (D:13)
  A redback (Vaults:1)
  2 hungry ghosts (D:15)
  A chaos spawn (Zot:5)
  Menkaure (Ossuary)
  A mottled dragon (D:13)
  2 nagas
  A water moccasin (Lair:2)
  2 floating eyes (shapeshifter)
  A crocodile (Lair:6)
  An earth elemental (Elf:2)
  2 crimson imps
  A jelly (D:10)
  Natasha (D:2)
  4 gnolls
  A leopard gecko (D:2)
  2 orcs (D:15)
  A gnoll skeleton (Ossuary)
  A kobold skeleton (Ossuary)
  An orc zombie (Ossuary)
  2 rats (D:2)
  A fungus (Lair:6)
  A withered plant (Crypt:3)
162 creatures vanquished.

Vanquished Creatures (others)
  An eldritch tentacle (Zot:3)
  A draconian knight (Zot:5)
  A draconian zealot (Zot:5)
  A mottled draconian (Zot:1)
  A vault guard (Vaults:4)
  An ogre mage (Vaults:1)
  4 moths of wrath (Zot:5)
  A yaktaur (Depths:1)
  A merfolk (Shoals:3)
  A centaur simulacrum (D:15)
  2 water elementals (Elf:3)
  A hog (D:15)
  2 ogres
  A boggart (Vaults:3)
  2 mummies (Ossuary)
  2 white imps (IceCv)
  3 ufetubi (IceCv)
  A gnoll skeleton (Ossuary)
  A gnoll zombie (Ossuary)
  2 goblin zombies (Ossuary)
  3 hobgoblin skeletons (Ossuary)
  2 hobgoblin zombies (Ossuary)
  2 kobold skeletons (Ossuary)
  5 kobold zombies (Ossuary)
  An orc skeleton (Ossuary)
  An orc zombie (Ossuary)
  3 rat skeletons (Ossuary)
  3 rat zombies (Ossuary)
  7 bushes (Depths:2)
  14 fungi
  38 plants
  40 withered plants (Crypt:3)
149 creatures vanquished.

Grand Total: 3881 creatures vanquished

Notes
Turn   | Place    | Note
-------+----------+-------------------------------------------
     0 | D:1      | Vojta the Naga Wizard began the quest for the Orb.
     0 | D:1      | Reached XP level 1. HP: 15/15 MP: 4/4
   525 | D:1      | Reached XP level 2. HP: 22/22 MP: 4/6
   529 | D:1      | Learned a level 2 spell: Blink
   532 | D:1      | Learned a level 2 spell: Call Imp
   535 | D:1      | Learned a level 2 spell: Repel Missiles
  1612 | D:2      | Noticed Natasha
  1618 | D:1      | Reached XP level 3. HP: 24/28 MP: 2/7
  1855 | D:2      | Killed Natasha
  1962 | D:2      | Reached XP level 4. HP: 36/36 MP: 5/9
  2059 | D:2      | Reached skill level 1 in Charms
  2371 | D:2      | Learned a level 3 spell: Mephitic Cloud
  2393 | D:2      | Reached skill level 1 in Air Magic
  2423 | D:2      | Reached skill level 1 in Short Blades
  2647 | D:2      | Noticed Natasha
  2670 | D:2      | Killed Natasha
  2670 | D:2      | Reached XP level 5. HP: 7/42 MP: 1/10
  3010 | D:2      | Noticed Natasha
  3030 | D:2      | Killed Natasha
  3030 | D:2      | Reached skill level 4 in Stealth
  3030 | D:2      | Reached skill level 1 in Poison Magic
  3081 | D:2      | Noticed Terence
  3199 | D:2      | Killed Terence
  3587 | D:3      | Noticed an ogre
  3793 | D:3      | Killed an ogre
  3793 | D:3      | Reached skill level 1 in Polearms
  3793 | D:3      | Reached XP level 6. HP: 49/49 MP: 8/11
  4609 | D:4      | Noticed appiemonkey's ghost (novice MiFi)
  4613 | D:4      | Reached skill level 5 in Stealth
  4615 | D:5      | Entered Level 5 of the Dungeon
  4694 | D:5      | Learned a level 3 spell: Conjure Flame
  4834 | D:5      | Found a sand-covered staircase.
  4839 | Ossuary  | Entered an ossuary
  5644 | Ossuary  | Noticed Menkaure
  5677 | Ossuary  | Killed Menkaure
  5889 | D:5      | Reached XP level 7. HP: 54/56 MP: 13/13
  6256 | D:5      | Reached skill level 1 in Fire Magic
  6582 | D:5      | Reached skill level 1 in Fighting
  6655 | D:5      | Reached skill level 1 in Evocations
  7042 | D:4      | Reached XP level 8. HP: 64/64 MP: 14/14
  7471 | D:5      | Reached skill level 6 in Stealth
  7500 | D:5      | Gained mutation: You are clumsy. (Dex -2) [mutagenic meat]
  7502 | D:5      | Gained mutation: You are partially covered in thin metallic scales. (AC +2) [mutagenic meat]
  7503 | D:5      | Gained mutation: Your muscles are strong. (Str +2) [mutagenic meat]
  7504 | D:5      | Lost mutation: Your muscles are strong. (Str +2) [mutagenic meat]
  7605 | D:6      | Found a shattered altar of Ashenzari.
  7856 | D:6      | Found a faded altar of an unknown god.
  7856 | D:6      | Found a faded altar of an unknown god.
  7861 | D:6      | Found a stormy altar of Qazlal.
  7863 | D:6      | Found a faded altar of an unknown god.
  7865 | D:6      | Found a faded altar of an unknown god.
  8088 | D:6      | Found a basalt altar of Yredelemnul.
  8129 | D:6      | Found an opulent altar of Gozag.
  8710 | D:7      | Found a roughly hewn altar of Beogh.
  8733 | D:7      | Reached skill level 7 in Stealth
  8830 | D:7      | Found a staircase to the Ecumenical Temple.
  8841 | Temple   | Entered the Ecumenical Temple
  8875 | Temple   | Became a worshipper of Cheibriados the Contemplative
  8941 | D:7      | Noticed a hippogriff
  8979 | D:7      | Killed a hippogriff
  8979 | D:7      | Reached skill level 8 in Stealth
  8979 | D:7      | Reached XP level 9. HP: 42/73 MP: 2/16
  9277 | D:7      | Reached skill level 5 in Conjurations
  9306 | D:7      | Reached skill level 5 in Spellcasting
  9425 | D:7      | Found an opulent altar of Gozag.
  9535 | D:7      | Reached * piety under Cheibriados
  9659 | D:6      | Reached skill level 1 in Bows
 10182 | D:4      | Reached skill level 9 in Stealth
 10749 | D:7      | Reached ** piety under Cheibriados
 11684 | D:8      | Noticed a two-headed ogre
 11691 | D:8      | Killed a two-headed ogre
 11691 | D:8      | Reached skill level 1 in Invocations
 11691 | D:8      | Reached XP level 10. HP: 84/84 MP: 18/18
 11948 | D:8      | Found a sacrificial altar of Ru.
 11948 | D:8      | Noticed Psyche
 11964 | D:8      | Killed Psyche
 12359 | D:8      | Reached skill level 10 in Stealth
 12538 | D:9      | Found a radiant altar of Vehumet.
 12622 | D:9      | Reached *** piety under Cheibriados
 12624 | D:9      | Noticed Azzok's ghost (novice NaTm)
 13363 | D:9      | Killed Azzok's ghost
 13449 | D:9      | Reached **** piety under Cheibriados
 13651 | D:9      | Found a shimmering altar of Xom.
 13652 | D:9      | Found a hazy altar of Hepliaklqana.
 13652 | D:9      | Noticed a torpor snail
 13653 | D:9      | Noticed a spectral ugly thing
 13653 | D:9      | Noticed a torpor snail
 13868 | D:10     | Entered Level 10 of the Dungeon
 13991 | D:10     | Reached XP level 11. HP: 87/90 MP: 20/20
 15082 | D:10     | Reached skill level 11 in Stealth
 15086 | D:10     | Gained mutation: You have a pair of small antennae on your head. [potion of mutation]
 15086 | D:10     | Gained mutation: Your magical capacity is low. (-10% MP) [potion of mutation]
 15086 | D:10     | Gained mutation: Your mind is acute. (Int +2) [potion of mutation]
 15132 | D:10     | Reached ***** piety under Cheibriados
 15377 | D:10     | Reached skill level 5 in Polearms
 15940 | D:10     | Noticed a hill giant
 15948 | D:10     | Killed a hill giant
 16569 | D:11     | Found a flagged portal.
 16587 | Bailey   | Entered a bailey
 16596 | Bailey   | Gained mutation: You evolve. [potion of beneficial mutation]
 17290 | Bailey   | Reached skill level 5 in Short Blades
 17519 | Bailey   | Reached skill level 1 in Crossbows
 17523 | Bailey   | Reached ****** piety under Cheibriados
 17595 | Bailey   | Noticed an orc knight
 17667 | Bailey   | Killed an orc knight
 17667 | Bailey   | Reached skill level 5 in Invocations
 18001 | D:11     | Found a staircase to the Lair.
 18005 | D:11     | Reached skill level 5 in Fighting
 18005 | D:11     | Reached skill level 12 in Stealth
 18005 | D:11     | Reached skill level 5 in Poison Magic
 18005 | D:11     | Reached XP level 12. HP: 103/103 MP: 20/20
 18050 | D:11     | Gained mutation: You are partially covered in icy blue scales. (AC +2) [evolution]
 18223 | D:11     | You fall through a shaft for 3 floors!
 18240 | D:14     | Reached skill level 13 in Stealth
 18278 | D:14     | Noticed a centaur warrior
 18284 | D:14     | Killed a centaur warrior
 18356 | D:13     | Noticed a catoblepas
 18358 | D:13     | Killed a catoblepas
 18358 | D:13     | Gained mutation: You can use your snake-like lower body to constrict enemies. [Naga growth]
 18358 | D:13     | Reached XP level 13. HP: 110/110 MP: 21/21
 18958 | D:12     | Found a labyrinth entrance.
 19000 | D:12     | Noticed Nessos
 19039 | D:12     | Reached skill level 5 in Crossbows
 19251 | D:12     | Killed Nessos
 19257 | D:12     | Reached skill level 5 in Dodging
 19656 | D:12     | Gained mutation: You passively map a small area around you. [evolution]
 19743 | D:12     | Found a shimmering altar of Xom.
 19788 | D:12     | Lost mutation: You are clumsy. (Dex -2) [potion of beneficial mutation]
 19907 | D:11     | Found a staircase to the Orcish Mines.
 20007 | D:11     | Reached skill level 14 in Stealth
 20095 | D:11     | Noticed Erica
 20104 | D:11     | Killed Erica
 21022 | D:13     | Noticed a shadow dragon
 21229 | D:13     | Lost mutation: Your magical capacity is low. (-10% MP) [evolution]
 21888 | D:14     | Found a blossoming altar of Fedhas.
 22263 | Orc:1    | Entered Level 1 of the Orcish Mines
 22267 | Orc:1    | Found a roughly hewn altar of Beogh.
 22308 | Orc:1    | Noticed Gastronok
 22309 | Orc:1    | Found Uzucehy's General Store.
 22343 | Orc:1    | Killed Gastronok
 22343 | Orc:1    | Reached XP level 14. HP: 68/118 MP: 2/25
 22847 | Orc:2    | Entered Level 2 of the Orcish Mines
 22966 | Orc:2    | Found a staircase to the Elven Halls.
 24556 | Orc:2    | Gained mutation: You are frail. (-10% HP) [evolution]
 25272 | Orc:2    | Gained mutation: Your spells are a little harder to cast, but a little more powerful. [a neqoxec]
 25404 | Orc:2    | Found Mus Gug's Antique Armour Shoppe.
 25404 | Orc:2    | Found Astri's Assorted Antiques.
 25409 | Orc:2    | Bought a slimy robe for 182 gold pieces
 25411 | Orc:2    | Identified the +2 robe of Dogma {rElec Dex+4 Stlth-} (You bought it in a shop on level 2 of the Orcish Mines)
 25427 | Orc:2    | Noticed Erolcha
 25474 | Orc:2    | Killed Erolcha
 25728 | Orc:2    | Found a roughly hewn altar of Beogh.
 25741 | Orc:2    | Found Jaupt's Magic Scroll Shoppe.
 25741 | Orc:2    | Found Yjemem's Weapon Shop.
 25787 | Orc:2    | Bought a runed cloak for 336 gold pieces
 26014 | Orc:2    | Found a roughly hewn altar of Beogh.
 26813 | Lair:1   | Entered Level 1 of the Lair of Beasts
 26814 | Lair:1   | Reached skill level 15 in Stealth
 28330 | Lair:1   | Got an ancient gossamer ring
 28331 | Lair:1   | Identified the ring "Celedont" {rPois Int+4 Stlth+} (You found it on level 1 of the Lair of Beasts)
 29092 | Lair:1   | Reached skill level 10 in Crossbows
 29305 | Lair:2   | Reached XP level 15. HP: 114/114 MP: 11/27
 29682 | Lair:2   | Learned a level 2 spell: Sticks to Snakes
 29808 | Lair:2   | Reached skill level 1 in Transmutations
 30951 | Lair:3   | Found a staircase to the Shoals.
 31294 | Lair:4   | Found a staircase to the Snake Pit.
 32712 | Lair:5   | Reached skill level 16 in Stealth
 33240 | Lair:5   | Found a staircase to the Slime Pits.
 33888 | Lair:6   | Entered Level 6 of the Lair of Beasts
 34471 | Lair:6   | Gained mutation: You possess an exceptional clarity of mind. [evolution]
 34471 | Lair:6   | Lost mutation: You evolve. [end of evolution]
 34577 | Lair:6   | Got an ivory flail
 34578 | Lair:6   | Identified the +4 flail "Uxutadd" {crush, rElec rN+ MR+ Dex-3} (You found it on level 6 of the Lair of Beasts)
 35730 | Lair:6   | Reached XP level 16. HP: 95/124 MP: 10/28
 36720 | D:13     | Found a gate to the Vaults.
 36853 | D:13     | Learned a level 4 spell: Cause Fear
 36860 | D:13     | Learned a level 6 spell: Deflect Missiles
 36936 | D:13     | Killed a shadow dragon
 37280 | D:15     | Entered Level 15 of the Dungeon
 37358 | D:15     | Reached skill level 1 in Hexes
 37626 | D:15     | Got a coiled ivory ring
 37627 | D:15     | Identified the ring "Josago" {rElec MP+9 Dex+5} (You took it off a naga mage on level 15 of the Dungeon)
 37767 | D:15     | Paralysed by a floating eye for 4 turns
 37802 | D:15     | Reached skill level 17 in Stealth
 38033 | D:15     | Found a sparkling altar of Nemelex Xobeh.
 38093 | D:15     | Found a staircase to the Depths.
 38544 | D:15     | Got a faintly glowing glass ring
 38545 | D:15     | Identified the ring "Vyxasut" {Str+3 Dex+4 Stlth+} (You took it off an orc on level 15 of the Dungeon)
 38864 | D:15     | Reached skill level 5 in Translocations
 39150 | D:15     | Found a glowing golden altar of the Shining One.
 39209 | D:15     | Reached skill level 5 in Transmutations
 39753 | D:15     | Paralysed by a floating eye for 4 turns
 39758 | D:15     | Paralysed by a floating eye for 3 turns
 39762 | D:15     | Paralysed by a floating eye for 3 turns
 39771 | D:15     | Reached XP level 17. HP: 105/131 MP: 29/29
 40179 | Snake:1  | Entered Level 1 of the Snake Pit
 40952 | Snake:1  | Learned a level 3 spell: Dazzling Spray
 40956 | Snake:1  | Learned a level 3 spell: Confuse
 41065 | Snake:1  | Reached skill level 5 in Air Magic
 42426 | Snake:1  | Found Orghigya's Distillery.
 43333 | Snake:2  | Noticed Donald
 43345 | Snake:2  | Killed Donald
 43744 | Snake:2  | Noticed Asterion
 43746 | Snake:2  | Noticed an Executioner
 43751 | Snake:2  | Noticed an Executioner
 43752 | Snake:2  | Killed Asterion
 44929 | Snake:3  | Reached skill level 18 in Stealth
 44954 | Snake:3  | Found a frozen archway.
 44989 | IceCv    | Entered an ice cave
 45401 | IceCv    | Reached XP level 18. HP: 138/138 MP: 31/31
 45410 | IceCv    | Reached skill level 5 in Hexes
 46990 | IceCv    | Got an encrusted falchion
 46991 | IceCv    | Identified the +2 falchion of the Five Demons {slice, MR+ Str-2 Int+3} (You found it in an ice cave)
 47337 | Snake:3  | Reached skill level 10 in Invocations
 47619 | Snake:3  | Reached skill level 5 in Charms
 48258 | Snake:3  | Found Kazi's Jewellery Emporium.
 48351 | Snake:3  | Noticed Jorgrun
 48367 | Snake:3  | Killed Jorgrun
 49306 | Snake:4  | Entered Level 4 of the Snake Pit
 50481 | Snake:4  | Reached skill level 19 in Stealth
 50661 | Snake:4  | Reached XP level 19. HP: 146/146 MP: 32/32
 50677 | Snake:4  | Reached skill level 10 in Spellcasting
 51916 | Elf:1    | Entered Level 1 of the Elven Halls
 52630 | Elf:1    | Found a radiant altar of Vehumet.
 52660 | Elf:1    | Reached skill level 10 in Transmutations
 52688 | Elf:1    | Reached skill level 15 in Crossbows
 53142 | Elf:2    | Found Usewkon's Assorted Antiques.
 53540 | Elf:2    | Learned a level 4 spell: Passage of Golubria
 53543 | Elf:2    | Learned a level 2 spell: Passwall
 53673 | Elf:2    | Found Kecsausy's Magic Scroll Emporium.
 53820 | Elf:2    | Bought a scroll of enchant weapon for 127 gold pieces
 54149 | Elf:2    | Found a runed gate.
 54149 | Elf:2    | Found a runed gate.
 54154 | Elf:2    | Found a runed gate.
 54305 | Elf:3    | Entered Level 3 of the Elven Halls
 54329 | Elf:3    | Found Siyros's Quality Used Wands.
 54721 | Orc:2    | Bought a scroll of amnesia for 42 gold pieces
 55207 | Elf:3    | Found Imucwe's Food Emporium.
 55547 | Elf:3    | Reached XP level 20. HP: 129/156 MP: 34/34
 56461 | Elf:3    | Reached skill level 20 in Stealth
 57351 | Shoals:1 | Entered Level 1 of the Shoals
 59833 | Shoals:4 | Entered Level 4 of the Shoals
 59910 | Shoals:4 | Found Oschuum's Jewellery Emporium.
 59936 | Shoals:4 | Noticed Ilsuiw
 59948 | Shoals:4 | Killed Ilsuiw
 61002 | Shoals:4 | Learned a level 3 spell: Ozocubu's Armour
 61251 | Shoals:4 | Reached XP level 21. HP: 163/163 MP: 35/35
 61281 | Shoals:4 | Reached skill level 1 in Ice Magic
 61736 | Shoals:4 | Got a barnacled rune of Zot
 62709 | Snake:4  | Reached skill level 10 in Fighting
 63117 | Snake:4  | Reached skill level 21 in Stealth
 63356 | Snake:4  | Got a serpentine rune of Zot
 63887 | Vaults:1 | Entered Level 1 of the Vaults
 64173 | Vaults:1 | Found Josh's Weapon Shoppe.
 66000 | Vaults:1 | Reached skill level 1 in Earth Magic
 66082 | Vaults:1 | Learned a level 3 spell: Regeneration
 66390 | Vaults:1 | Reached XP level 22. HP: 173/173 MP: 37/37
 67397 | Vaults:2 | Reached skill level 1 in Necromancy
 68467 | Vaults:2 | Reached skill level 10 in Conjurations
 68632 | Vaults:3 | Noticed Jory
 68642 | Vaults:3 | Found Xeleqaysh's Gadget Shoppe.
 68969 | Vaults:3 | Reached skill level 22 in Stealth
 69299 | Vaults:3 | Reached skill level 10 in Polearms
 70060 | Vaults:3 | Reached XP level 23. HP: 180/180 MP: 38/38
 70217 | Vaults:3 | Found a staircase to the Crypt.
 70217 | Vaults:3 | Found a basalt altar of Yredelemnul.
 70218 | Vaults:3 | Found an ancient bone altar of Kikubaaqudgha.
 71850 | Elf:3    | Reached skill level 5 in Ice Magic
 72115 | Elf:3    | Got a fine leather armour
 72116 | Elf:3    | Identified the +0 leather armour of Hysteria {rElec rC+ MR+ rCorr} (You took it off a deep elf mage on level 3 of the Elven Halls)
 72196 | Elf:3    | Learned a level 5 spell: Lightning Bolt
 72443 | Elf:3    | Got a translucent scale mail
 72444 | Elf:3    | Identified the +2 scale mail of Omission {*Slow rN++ MR++} (You took it off a deep elf master archer on level 3 of the Elven Halls)
 73187 | Vaults:4 | Reached skill level 1 in Armour
 74226 | D:15     | Noticed Kirke
 74233 | D:15     | Killed Kirke
 74285 | D:15     | Reached XP level 24. HP: 189/189 MP: 39/39
 74294 | D:15     | Found an iron altar of Okawaru.
 74326 | D:15     | Got an ancient golden ring
 74327 | D:15     | Identified the ring of Butwuuwn {Ice Str+4 Stlth+} (You found it on level 15 of the Dungeon)
 74547 | Depths:1 | Entered Level 1 of the Depths
 74854 | Depths:1 | Reached skill level 23 in Stealth
 75888 | Depths:1 | Found a gateway to Hell.
 76998 | Depths:2 | Reached skill level 10 in Hexes
 77838 | Depths:2 | Found a gateway to a ziggurat.
 77885 | Depths:2 | Found Ufaharer's Armour Emporium.
 77971 | Depths:2 | Found Heykhoxt's Assorted Antiques.
 78500 | Depths:3 | Got a bloodstained ring mail
 78501 | Depths:3 | Identified the cursed +0 ring mail "Zoiliont" {rPois Dex+2} (You found it on level 3 of the Depths)
 78786 | Depths:3 | Reached XP level 25. HP: 196/196 MP: 33/39
 79891 | Vaults:3 | Killed Jory
 81304 | Vaults:5 | Entered Level 5 of the Vaults
 81400 | Vaults:4 | Reached skill level 5 in Armour
 81979 | Lair:1   | Reached skill level 24 in Stealth
 82098 | Slime:1  | Entered Level 1 of the Pits of Slime
 82470 | Slime:2  | Lost mutation: You possess an exceptional clarity of mind. [a shining eye]
 83046 | Slime:5  | Entered Level 5 of the Pits of Slime
 83492 | Slime:5  | Found a viscous altar of Jiyva.
 83494 | Slime:5  | Noticed the Royal Jelly
 84821 | Vaults:3 | Gained mutation: You are weak. (Str -2) [mutagenic glow]
 84857 | Vaults:3 | Gained mutation: Potions and wands are less effective at restoring your health. [mutagenic glow]
 86233 | Depths:3 | Reached XP level 26. HP: 206/206 MP: 40/40
 86786 | Depths:3 | Learned a level 4 spell: Animate Dead
 87189 | Depths:3 | Found a one-way gate leading to the halls of Pandemonium.
 88301 | Depths:3 | Noticed a juggernaut
 88311 | Depths:3 | Killed a juggernaut
 88687 | Depths:4 | Reached skill level 25 in Stealth
 89092 | Depths:5 | Entered Level 5 of the Depths
 89363 | Depths:4 | Reached skill level 10 in Dodging
 90755 | Depths:4 | Found a one-way gate to the infinite horrors of the Abyss.
 91019 | Depths:4 | Reached XP level 27. HP: 214/214 MP: 41/41
 91070 | Depths:4 | Noticed Boris
 91153 | Depths:4 | Killed Boris
 91218 | Depths:4 | Got a vibrating lapis lazuli ring
 91224 | Depths:4 | Identified the ring of Wynnar {rPois Str+6} (You found it on level 4 of the Depths)
 91428 | Depths:5 | Noticed Xtahua
 92503 | Depths:5 | Killed Xtahua
 92842 | Depths:5 | Learned a level 7 spell: Orb of Destruction
 92860 | Depths:5 | Reached skill level 15 in Spellcasting
 93181 | Depths:5 | Found a gate to the Realm of Zot.
 93773 | Depths:5 | Noticed a juggernaut
 93988 | Depths:5 | Killed a juggernaut
 95457 | Vaults:5 | Noticed Frederick
 95788 | Vaults:5 | Got a crude dagger {freeze}
 95789 | Vaults:5 | Identified the cursed +2 dagger of Eternal War {freeze, Stlth+} (You took it off a yaktaur captain on level 5 of the Vaults)
 96112 | Vaults:5 | Killed Frederick
 96322 | Vaults:5 | Found Esiffo's Food Shoppe.
 96900 | Vaults:5 | Reached skill level 5 in Evocations
 97308 | Vaults:5 | Got a glittering bone ring
 97309 | Vaults:5 | Identified the ring "Qokhloj" {Str+6 SInv} (You took it off an orc knight on level 5 of the Vaults)
 97647 | Vaults:5 | Identified the Almanac of Moulding
 97836 | Vaults:5 | Got a silver rune of Zot
 98039 | Vaults:5 | Learned a level 6 spell: Freezing Cloud
 98614 | Crypt:1  | Entered Level 1 of the Crypt
100326 | Crypt:1  | Reached skill level 26 in Stealth
101206 | Crypt:1  | Found a basalt altar of Yredelemnul.
101400 | Crypt:1  | Reached skill level 1 in Long Blades
103035 | Crypt:3  | Entered Level 3 of the Crypt
104140 | Crypt:3  | Found a staircase to the Tomb.
104703 | Crypt:3  | Found an ancient bone altar of Kikubaaqudgha.
104902 | Crypt:3  | Got a smoking golden ring
104903 | Crypt:3  | Identified the ring of the Cockroach {rElec Str+4} (You took it off a necromancer on level 3 of the Crypt)
105010 | Crypt:3  | Noticed an ancient lich
105038 | Crypt:3  | Killed an ancient lich
105108 | Crypt:3  | Identified Lath's Grimoire of Assistive Translocation
105183 | Crypt:3  | Reached skill level 15 in Conjurations
106954 | Zot:1    | Entered Level 1 of the Realm of Zot
106992 | Zot:1    | Reached skill level 27 in Stealth
108199 | Depths:5 | Learned a level 7 spell: Spellforged Servitor
108635 | Zot:1    | Identified a scroll of acquirement
108638 | Zot:1    | Got a bloodstained naga barding
108645 | Zot:1    | Identified the +0 naga barding of Zaocos {+Inv rCorr Stlth+} (You acquired it on level 1 of the Realm of Zot)
110293 | Zot:2    | Reached skill level 5 in Summonings
110324 | Zot:2    | Got a jewelled rapier
110325 | Zot:2    | Identified the +4 rapier of Megalomania {holy, +Fly Stlth+} (You found it on level 2 of the Realm of Zot)
110424 | Zot:2    | Lost mutation: You passively map a small area around you. [potion of cure mutation]
110424 | Zot:2    | Lost mutation: You are partially covered in thin metallic scales. (AC +2) [potion of cure mutation]
110424 | Zot:2    | Lost mutation: Your mind is acute. (Int +2) [potion of cure mutation]
110424 | Zot:2    | Lost mutation: You are weak. (Str -2) [potion of cure mutation]
110424 | Zot:2    | Lost mutation: Potions and wands are less effective at restoring your health. [potion of cure mutation]
110425 | Zot:2    | Lost mutation: You are frail. (-10% HP) [potion of cure mutation]
110425 | Zot:2    | Lost mutation: Your spells are a little harder to cast, but a little more powerful. [potion of cure mutation]
110431 | Zot:2    | Gained mutation: Your flesh is cold resistant. (rC+) [potion of beneficial mutation]
110432 | Zot:2    | Gained mutation: You are partially covered in rugged brown scales. (AC +1, +3% HP) [potion of beneficial mutation]
111618 | Zot:3    | Noticed an orb of fire
111817 | Depths:1 | Reached skill level 15 in Hexes
112214 | Shoals:4 | Bought the ring "Zeanown" {rF+ rN+ SInv Stlth-} for 388 gold pieces
112432 | Orc:1    | Bought the cursed +0 glaive of the Two Names {chop, rPois rF+ Int+6} for 487 gold pieces
113135 | Depths:2 | Bought a scroll of enchant armour for 187 gold pieces
113387 | Zot:3    | Gained mutation: You are weak. (Str -2) [an orb of fire]
113388 | Zot:3    | Killed an orb of fire
116959 | Zot:5    | Entered Level 5 of the Realm of Zot
117186 | Zot:5    | Noticed an ancient lich
117189 | Zot:5    | Killed an ancient lich
117254 | Zot:5    | Noticed an orb of fire
117326 | Zot:5    | Noticed cotteux's ghost (legendary DDFi)
117357 | Zot:5    | Killed cotteux's ghost
117539 | Zot:5    | Noticed an orb of fire
117545 | Zot:5    | Killed an orb of fire
117611 | Zot:5    | Killed an orb of fire
117621 | Zot:5    | Noticed an ancient lich
117625 | Zot:5    | Killed an ancient lich
117874 | Zot:5    | Noticed an orb of fire
117882 | Zot:5    | Killed an orb of fire
117994 | Zot:5    | Noticed an ancient lich
118013 | Zot:5    | Killed an ancient lich
118088 | Zot:5    | Noticed an orb of fire
118152 | Zot:5    | Gained mutation: You occasionally shout uncontrollably at your foes. [an orb of fire]
118154 | Zot:5    | Killed an orb of fire
118262 | Zot:5    | Reached skill level 10 in Charms
118280 | Zot:5    | Noticed an ancient lich
118300 | Zot:5    | Killed an ancient lich
118301 | Zot:5    | Noticed an ancient lich
118315 | Zot:5    | Killed an ancient lich
118618 | Zot:5    | Noticed an orb of fire
118705 | Zot:5    | Noticed an orb of fire
119135 | Zot:5    | Noticed an orb of fire
119138 | Zot:5    | Killed an orb of fire
119256 | Zot:5    | Noticed an orb of fire
119263 | Zot:5    | Gained mutation: You are dopey. (Int -2) [an orb of fire]
119263 | Zot:5    | Killed an orb of fire
119596 | Zot:5    | Gained mutation: You tend to lose your temper in combat. [an orb of fire]
119598 | Zot:5    | Killed an orb of fire
119700 | Zot:5    | Gained mutation: You sometimes yell uncontrollably at your foes. [an orb of fire]
119701 | Zot:5    | Gained mutation: You are very dopey. (Int -4) [an orb of fire]
119712 | Zot:5    | Killed an orb of fire
120433 | Zot:5    | Got the Orb of Zot
120557 | Zot:5    | Noticed Anyam the pandemonium lord
120803 | Depths:3 | Noticed Kurisuuk the pandemonium lord
120822 | Depths:3 | Killed Kurisuuk the pandemonium lord
120951 | Depths:1 | Noticed an ancient lich
120957 | Depths:1 | Killed an ancient lich
121307 | D:4      | Noticed Osulek the pandemonium lord
121320 | D:4      | Killed appiemonkey's ghost
121347 | D:4      | Noticed Qevaso the pandemonium lord
121537 | D:$      | Escaped with the Orb!

Skill      XL: |  1  2  3  4  5  6  7  8  9 10 11 12 13 14 15 16 17 18 19 20 21 22 23 24 25 26 27 |
---------------+----------------------------------------------------------------------------------+-----
Conjurations   | 2 3 4 6 8 9 10 20 | 20.5
Charms         | 1 2 4 6 7 8 9 10 | 10.0
Air Magic      | 1 2 3 4 5 6 7 |  7.6
Short Blades   | 1 2 3 4 5 6 7 |  7.5
Stealth        | 4 5 8 9 10 12 13 14 15 16 17 18 19 20 21 22 23 24 25 27 | 27.0
Poison Magic   | 1 2 5 6 7 |  7.9
Polearms       | 1 2 3 4 5 6 7 8 10 11 12 13 | 13.7
Dodging        | 2 3 4 5 6 7 8 9 10 11 | 11.4
Spellcasting   | 4 5 6 7 8 9 10 11 12 13 14 22 | 22.0
Fire Magic     | 1 2 |  2.0
Fighting       | 1 3 5 6 7 8 9 10 11 12 14 | 14.4
Evocations     | 1 2 3 4 6 |  6.1
Summonings     | 2 7 |  7.7
Translocations | 2 3 4 5 6 7 9 |  9.3
Bows           | 1 2 3 4 |  4.0
Invocations    | 1 4 5 6 8 9 10 11 12 13 | 13.2
Crossbows      | 3 7 10 11 12 13 14 15 16 17 18 19 22 | 22.5
Transmutations | 2 5 7 9 11 12 | 12.7
Hexes          | 2 4 6 7 8 9 10 12 15 | 15.0
Ice Magic      | 3 5 9 |  9.5
Earth Magic    | 1 2 3 |  3.3
Necromancy     | 2 3 4 |  4.0
Armour         | 1 4 5 7 |  7.6
Long Blades    | 3 |  3.6
Slings         | |  0.5
Throwing       | |  0.8
Unarmed Combat | |  0.2

Action                   |  1- 3 |  4- 6 |  7- 9 | 10-12 | 13-15 | 16-18 | 19-21 | 22-24 | 25-27 || total
-------------------------+-------+-------+-------+-------+-------+-------+-------+-------+-------++-------
Melee: Club              |    11 |       |       |       |       |       |       |       |       ||    11
       Unarmed           |     3 |       |       |       |       |       |       |       |       ||     3
       Spear             |    16 |       |       |       |       |       |       |       |       ||    16
       Dagger            |    19 |    79 |   250 |   229 |   474 |   161 |   292 |   152 |   254 ||  1910
       Short sword       |       |     5 |       |       |       |       |       |       |       ||     5
       Halberd           |       |    22 |    90 |       |       |       |       |       |       ||   112
       Trident           |       |       |   114 |   132 |   134 |   108 |    17 |       |    59 ||   564
       Punch             |       |       |     1 |       |     2 |       |       |     1 |       ||     4
       Constrict         |       |       |       |       |   121 |    36 |    60 |    45 |    72 ||   334
       Demon trident     |       |       |       |       |       |       |    62 |   135 |   282 ||   479
       Great sword       |       |       |       |       |       |       |       |       |    37 ||    37
       Glaive            |       |       |       |       |       |       |       |       |    18 ||    18
       Rapier            |       |       |       |       |       |       |       |       |     4 ||     4
 Fire: Shortbow          |       |       |    15 |   121 |     1 |       |       |       |       ||   137
       Hunting sling     |       |       |     9 |       |       |       |       |       |       ||     9
       Arbalest          |       |       |       |    56 |   878 |  1043 |  1147 |  1208 |  3411 ||  7743
Throw: Stone             |       |     6 |     4 |       |       |       |       |       |       ||    10
       Javelin           |       |       |       |       |     2 |       |     2 |    11 |    11 ||    26
 Cast: Magic Dart        |    50 |   122 |    68 |    59 |    18 |     1 |       |       |       ||   318
       Call Imp          |     2 |    24 |    14 |    15 |     2 |       |       |       |       ||    57
       Repel Missiles    |     1 |     2 |     2 |     1 |     1 |     6 |    17 |     3 |       ||    33
       Blink             |       |     4 |    21 |    53 |    71 |   101 |    32 |    53 |   251 ||   586
       Mephitic Cloud    |       |     7 |    28 |    61 |   112 |    20 |    40 |    45 |    38 ||   351
       Conjure Flame     |       |       |    14 |    11 |    17 |     9 |     5 |       |       ||    56
       Sticks to Snakes  |       |       |       |       |    16 |    69 |    32 |    15 |    48 ||   180
       Cause Fear        |       |       |       |       |       |     3 |     1 |     4 |     2 ||    10
       Confuse           |       |       |       |       |       |    29 |    66 |   162 |   605 ||   862
       Dazzling Spray    |       |       |       |       |       |     9 |    45 |    48 |    44 ||   146
       Ozocubu's Armour  |       |       |       |       |       |       |    11 |     7 |    25 ||    43
       Passage of Golubr |       |       |       |       |       |       |    14 |    27 |    45 ||    86
       Deflect Missiles  |       |       |       |       |       |       |     5 |     9 |    32 ||    46
       Regeneration      |       |       |       |       |       |       |       |     8 |    13 ||    21
       Passwall          |       |       |       |       |       |       |       |     4 |    43 ||    47
       Lightning Bolt    |       |       |       |       |       |       |       |     4 |    27 ||    31
       Animate Dead      |       |       |       |       |       |       |       |       |    80 ||    80
       Orb of Destructio |       |       |       |       |       |       |       |       |   350 ||   350
       Spellforged Servi |       |       |       |       |       |       |       |       |    81 ||    81
       Freezing Cloud    |       |       |       |       |       |       |       |       |    36 ||    36
Invok: Bend Time         |       |       |       |       |    12 |     1 |     3 |     2 |     9 ||    27
       Slouch            |       |       |       |       |    13 |    20 |    17 |    11 |    28 ||    89
       Step From Time    |       |       |       |       |     1 |       |     6 |     1 |    14 ||    22
 Abil: Spit Poison       |     4 |    13 |     5 |     5 |     5 |     5 |     1 |       |       ||    38
       Evoke Invisibilit |       |       |       |       |     2 |     1 |     1 |     1 |     4 ||     9
Evoke: Wand              |       |       |     1 |       |    10 |     7 |     8 |       |    29 ||    55
       Rod               |       |       |       |     6 |     9 |       |       |       |       ||    15
  Use: Scroll            |     3 |     7 |     8 |     8 |    26 |    22 |    11 |    10 |    50 ||   145
       Potion            |       |     7 |     6 |     5 |     4 |     2 |     4 |       |    23 ||    51
 Stab: Sleeping          |     3 |       |    19 |    13 |    48 |    30 |    37 |    26 |    49 ||   225
       Confused          |       |     4 |    10 |    20 |    41 |     5 |    23 |    63 |   106 ||   272
       Distracted        |       |       |     1 |       |       |    10 |     5 |     4 |    14 ||    34
       Invisible         |       |       |       |       |     2 |     2 |     6 |    10 |    11 ||    31
       Petrified         |       |       |       |       |     1 |       |       |       |       ||     1
  Eat: Chunk             |     2 |     5 |    19 |     9 |    42 |    14 |    17 |     9 |    11 ||   128
       Bread ration      |       |     2 |       |       |       |     2 |     1 |     1 |     1 ||     7
       Fruit             |       |       |       |     6 |     6 |     4 |       |     5 |     2 ||    23
       Royal jelly       |       |       |       |       |       |       |     1 |       |     1 ||     2
       Pizza             |       |       |       |       |       |       |     6 |     3 |     2 ||    11
       Beef jerky        |       |       |       |       |       |       |       |     3 |     4 ||     7
       Meat ration       |       |       |       |       |       |       |       |     1 |    13 ||    14
Armor: Robe              |    12 |    45 |   134 |   115 |   264 |   175 |   194 |    86 |       ||  1025
       Skin              |       |     4 |    72 |       |       |       |       |       |       ||    76
       Leather armour    |       |       |       |       |       |       |       |   104 |   594 ||   698
       Scale mail        |       |       |       |       |       |       |       |       |   352 ||   352
       Fire dragon scale |       |       |       |       |       |       |       |       |    32 ||    32
Dodge: Dodged            |    30 |    63 |   165 |   197 |   544 |   391 |   479 |   411 |  1606 ||  3886
       Deflected         |       |     3 |     1 |    19 |    17 |    57 |   132 |   123 |   297 ||   649
       Rpst.: Great sword |       |       |       |       |       |       |       |       |     8 ||     8
